 Dungeon Crawl Stone Soup version 0.20.0 (webtiles) character file.

88 FakerFangirl the Cudgeler (level 4, -4/38 HPs)
             Began as a Draconian Fighter on May 26, 2017.
             Killed from afar by Natasha (7 damage)
             ... with a magic dart
             ... on level 2 of the Dungeon.
             The game lasted 00:01:30 (1310 turns).

FakerFangirl the Cudgeler (Draconian Fighter)       Turns: 1310, Time: 00:01:30

Health: -4/38      AC:  5    Str: 18    XL:     4   Next: 30%
Magic:  4/4        EV: 10    Int:  9    God:
Gold:   94         SH:  9    Dex: 11    Spells: 3/3 levels left

rFire    + . .     SeeInvis .   a - +0 flail
rCold    . . .     Gourm    .   b - +0 shield
rNeg     . . .     Faith    .   (armour unavailable)
rPois    .         Spirit   .   (helmet restricted)
rElec    .         Reflect  .   (no cloak)
rCorr    .         Harm     .   (no gloves)
MR       .....                  (no boots)
Stlth    +.........             (no amulet)
Regen    0.2/turn               h - ring of protection from fire
MPRegen  0.1/turn               (no ring)

@: no status effects
A: unfitting armour, cold-blooded, AC +5
a: no special abilities


You were on level 2 of the Dungeon.
You were not hungry.

You visited 1 branch of the dungeon, and saw 2 of its levels.

You collected 94 gold pieces.


Innate Abilities, Weirdness & Mutations

Your plain brown scales are hard. (AC +5)
You cannot fit into any form of body armour.
You are cold-blooded and may be slowed by cold attacks.


   Skills:
 - Level 3.2 Fighting
 + Level 4.6 Maces & Flails
 - Level 2.6 Dodging
 - Level 3.0 Shields


You had 3 spell levels left.
You didn't know any spells.

Inventory:

Hand Weapons
 a - a +0 flail (weapon)
Armour
 b - a +0 shield (worn)
Jewellery
 h - a ring of protection from fire (left hand)
Scrolls
 o - a scroll of enchant armour {unknown}
Potions
 c - a potion of might
 e - a potion of cancellation {unknown}
 i - a potion of invisibility {unknown}
 j - a potion of flight {unknown}
 l - a potion of heal wounds {unknown}
 m - a potion of curing {unknown}
 n - a potion of haste {unknown}
 p - a potion of resistance {unknown}
Comestibles
 d - 2 bread rations
 f - 2 meat rations
 g - 3 royal jellies
 k - 4 chunks of flesh

Dungeon Overview and Level Annotations

Branches:
Dungeon (2/15)

Altars:

Annotations:
D:2 Natasha


Message History

Your shield prevents you from hitting Natasha.
Natasha is moderately wounded.
Natasha stares at you and mumbles some strange words.
The magic dart hits you! The iron imp hits you.
You closely miss Natasha.
Natasha is moderately wounded.
Natasha claws you but does no damage. Natasha claws you. The iron imp hits you.
You sock Natasha!
You kill Natasha!
Moaning pathetically, Natasha's spirit plunges into the ground.
The crimson imp disappears in a puff of smoke!
The iron imp disappears in a puff of smoke!
You have reached level 4!
You feel clever.
Natasha, Servant of Life and Death comes into view.
You see here the felid corpse of Natasha.
Natasha mumbles some strange words.
You feel troubled. Natasha casts a spell at you. The magic dart hits you!
You die...

##########
#.h......#######
.####.......#..
#%#.###.#.# #
##@#.###.#.# .#
#........#.####...
#..h###....#......
#...###......#...#
..................#
#.#.#...............
#.#.##.####.#######.
# #.##.# #.# ..##.#
#.#


You could see Natasha.

Vanquished Creatures
  Natasha (twice) (D:2)
  An ooze (D:1)
  3 leopard geckos
  A ball python (D:2)
  3 bats (D:1)
  A giant cockroach (D:1)
  6 goblins (D:1)
  3 hobgoblins (D:1)
  3 kobolds
  A quokka (D:2)
  4 frilled lizards (D:1)
  2 rats (D:1)
30 creatures vanquished.

Notes
Turn   | Place    | Note
-------+----------+-------------------------------------------
     0 | D:1      | FakerFangirl the Draconian Fighter began the quest for the Orb.
     0 | D:1      | Reached XP level 1. HP: 19/19 MP: 1/1
     0 | D:1      | 0 ||| counter = 62
   258 | D:1      | Reached XP level 2. HP: 26/26 MP: 2/2
   282 | D:1      | 282 ||| Stepping ~*~*~tactically~*~*~ (outnumbered).
   283 | D:1      | 283 ||| Stepping ~*~*~tactically~*~*~ (outnumbered).
   284 | D:1      | 284 ||| Stepping ~*~*~tactically~*~*~ (outnumbered).
   285 | D:1      | 285 ||| Stepping ~*~*~tactically~*~*~ (outnumbered).
   286 | D:1      | 286 ||| Stepping ~*~*~tactically~*~*~ (outnumbered).
   313 | D:1      | 313 ||| SWAPPING to glowing mace.
   326 | D:1      | Reached skill level 3 in Maces & Flails
   610 | D:1      | 610 ||| Stepping ~*~*~tactically~*~*~ (outnumbered).
   615 | D:1      | Reached XP level 3. HP: 30/31 MP: 3/3
   746 | D:1      | 746 ||| READING scroll labeled HABOEG KAIGESCH.
   747 | D:1      | 747 ||| READING 2 scrolls labeled YTHRES TU OCIYDIA.
   748 | D:1      | 748 ||| READING scroll labeled MAUSIXTOFEON.
   749 | D:1      | 749 ||| SWAPPING to +0 flail.
   750 | D:1      | 750 ||| DROPPING -3 mace.
   751 | D:1      | 751 ||| READING scroll of identify.
   751 | D:1      | 751 ||| IDENTIFYING moonstone ring
   752 | D:1      | 752 ||| UPGRADING to ring of protection from fire.
   805 | D:2      | Found a faded altar of an unknown god.
   841 | D:2      | Noticed Natasha
   843 | D:2      | 843 ||| Stepping ~*~*~tactically~*~*~ (water).
   845 | D:2      | 845 ||| Stepping ~*~*~tactically~*~*~ (water).
   853 | D:2      | HP: 3/31 [Natasha (6)]
   854 | D:2      | Killed Natasha
   854 | D:2      | Reached skill level 4 in Maces & Flails
  1273 | D:2      | Noticed Natasha
  1296 | D:2      | HP: 6/31 [iron imp[Natasha] (6)]
  1297 | D:2      | HP: 1/31 [iron imp[Natasha] (4)]
  1298 | D:2      | Killed Natasha
  1298 | D:2      | Reached XP level 4. HP: 1/38 MP: 4/4
  1305 | D:2      | Noticed Natasha
  1310 | D:2      | Killed from afar by Natasha

Vault maps used:
D:1:      onia_arrival_pyramid
D:2:      lemuel_crystal_altar, chequers_ecumenical_altar_island, first_bread,
          minmay_box_of_dots, uniq_natasha

Skill      XL: |  1  2  3 |
---------------+----------+-----
Maces & Flails | 3 4 |  4.6
Fighting       | |  3.2
Dodging        | |  2.6
Shields        | |  3.0

Action                   |  1- 3 |  4- 6 || total
-------------------------+-------+-------++-------
Melee: Flail             |    56 |       ||    56
       Mace              |    45 |       ||    45
       Tailslap          |     9 |       ||     9
  Use: Scroll            |     4 |       ||     4
  Eat: Chunk             |     1 |       ||     1
Armor: Skin              |    17 |       ||    17
Dodge: Dodged            |    27 |       ||    27
Block: Shield            |    44 |       ||    44
